 Dungeon Crawl Stone Soup version 0.30.1-11-g7821555f0a (webtiles) character file.

Game seed: 13683060720293446973

9554 SacredBeard the Artisan of Death (level 11, -8/83 HPs)
             Began as a Demonspawn Necromancer on Nov 4, 2023.
             Was a Priest of Kikubaaqudgha.
             Mangled by Harold
             ... wielding a +0 long sword
              (20 damage)
             ... on level 11 of the Dungeon.
             The game lasted 01:01:11 (14175 turns).

SacredBeard the Artisan of Death (DsNe)            Turns: 14175, Time: 01:01:14

Health: -8/83      AC: 14    Str: 15    XL:     11   Next: 24%
Magic:  19/19      EV: 18    Int: 17    God:    Kikubaaqudgha [***...]
Gold:   514        SH:  0    Dex: 17    Spells: 8/20 levels left

rFire   . . .        j - +7 mace of Understanding {flame, SInv}
rCold   + . .        (no shield)
rNeg    . . .        q - +4 ring mail {rC+}
rPois   .            (helmet restricted)
rElec   .            y - +0 cloak
rCorr   .            (no gloves)
SInv    +            (no boots)
Will    .....        A - amulet of the acrobat
Stlth   +++          a - +5 ring of evasion
HPRegen 0.33/turn    D - +6 ring of strength
MPRegen 0.16/turn

%: acrobat
@: no status effects
A: horns 1, yellow scales 2, demonic guardian 3, spiny 1
a: Renounce Religion, Unearth Wretches


You were on level 11 of the Dungeon.
You worshipped Kikubaaqudgha.
Kikubaaqudgha was most pleased with you.
You visited 2 branches of the dungeon, and saw 12 of its levels.
You also visited: Bailey.

You collected 635 gold pieces.
You spent 121 gold pieces at shops.

Inventory:

Hand Weapons
 j - the +7 mace of Understanding (weapon) {flame, SInv}
   (You found it on level 2 of the Dungeon)

   SInv:      It lets you see invisible.
 t - a +4 long sword of freezing
 K - a +3 scimitar
Missiles
 f - 89 stones
 O - 6 throwing nets
Armour
 i - a scarf of repulsion
 q - a +4 ring mail of cold resistance (worn)
 x - a +1 chain mail of willpower
 y - a +0 cloak (worn)
 G - a +2 scale mail of poison resistance
 Q - a +0 buckler
Jewellery
 a - a +5 ring of evasion (left hand)
 v - an amulet of reflection
 A - an amulet of the acrobat (around neck)
 D - a +6 ring of strength (right hand)
 S - a ring of ice
Wands
 P - a wand of roots (13)
Scrolls
 g - 5 scrolls of poison
 h - 2 scrolls of amnesia
 k - 3 scrolls of fog
 n - 4 scrolls of noise
 o - 4 scrolls of vulnerability
 p - a scroll of torment {unknown}
 s - 5 scrolls of immolation
 w - 2 scrolls of blinking
 C - a scroll of brand weapon {unknown}
 E - 3 scrolls of enchant weapon {unknown}
 F - a scroll of enchant armour {unknown}
 I - 4 scrolls of teleportation
 L - 2 scrolls of magic mapping {unknown}
 N - a scroll of silence {unknown}
 R - a scroll of fear
Potions
 b - 2 potions of magic
 c - 3 potions of curing
 d - a potion of heal wounds {unknown}
 e - 3 potions of berserk rage {unknown}
 l - a potion of lignification {unknown}
 m - 4 potions of brilliance
 r - 2 potions of haste
 u - a potion of might
 z - 2 potions of mutation {unknown}
 B - a potion of degeneration {unknown}
 H - a potion of resistance {unknown}
 J - a potion of attraction {unknown}
Miscellaneous
 M - a phial of floods


   Skills:
 + Level 6.4 Fighting
 + Level 5.3 Throwing
 + Level 5.3 Armour
 + Level 5.3 Dodging
 + Level 6.4 Stealth
 + Level 5.3 Spellcasting
 * Level 5.0 Summonings
 + Level 7.4 Necromancy
 + Level 6.3 Evocations


You had 8 spell levels left.
You knew the following spells:

 Your Spells              Type           Power      Damage    Failure   Level
a - Necrotise             Necr           100%       1d9       1%          1
b - Animate Dead          Necr           29%        N/A       12%         4
c - Dispel Undead         Necr           29%        3d13      12%         4
d - Call Canine Familiar  Summ           21%        N/A       10%         3

Your spell library contained the following spells:

 Spells                   Type           Power      Damage    Failure   Level
 Sublimation of Blood     Necr           29%        N/A       1%          2
 Vampiric Draining        Necr           29%        2d8       3%          3
 Kiss of Death            Conj/Necr      68%        2d10      5%          1
 Freeze                   Ice            16%        1d4       26%         1
 Agony                    Necr           29%        N/A       34%         5
 Ensorcelled Hibernation  Hex/Ice        8%         N/A       36%         2
 Passwall                 Tmut/Erth      3%         N/A       36%         2
 Anguish                  Hex/Necr       8%         N/A       50%         4
 Confusing Touch          Hex            4%         N/A       58%         3
 Frozen Ramparts          Ice            8%         1d2       58%         3
 Hailstorm                Conj/Ice       4%         3d4       58%         3
 Portal Projectile        Hex/Tloc       8%         N/A       58%         3
 Spider Form              Tmut/Pois      4%         N/A       58%         3
 Swiftness                Air            4%         N/A       58%         3
 Borgnjor's Vile Clutch   Necr/Erth      8%         N/A       83%         5
 Death Channel            Necr           14%        N/A       88%         6
 Leda's Liquefaction      Hex/Erth       2%         N/A       94%         4
 Conjure Ball Lightning   Conj/Air       2%         3x3d6     100%        6
 Discord                  Hex            2%         N/A       100%        8
 Disjunction              Tloc           2%         N/A       100%        8


Dungeon Overview and Level Annotations

Branches:
Dungeon (11/15) Zot: 26476  Temple (1/1) D:6 Zot: 5788    Lair (0/5) D:9
 Bailey (visited)
    Orc: D:9-12

Altars:
Ashenzari
Cheibriados
Dithmenos
Fedhas
Gozag
Hepliaklqana
Kikubaaqudgha
Makhleb
Nemelex Xobeh
Okawaru
Qazlal
Ru
Sif Muna
Trog
Uskayaw
Vehumet
Wu Jian
Xom
Yredelemnul

Shops:
D:5 ?=   D:8 *

Portals:
Trove: D:10 (give 4 scrolls of blinking)

Annotations:
D:4 Sigmund
D:6 1 runed translucent door, Crazy Yiuf, Edmund
D:8 3 runed translucent doors, ywiktor's ghost, novice MiBe
D:11 Harold; Psyche


Innate Abilities, Weirdness & Mutations

You have a pair of small horns on your head.
You are mostly covered in yellow scales. (AC +3)
A powerful demonic guardian rushes to your aid.
You are partially covered in sharp spines.


Message History

You swap places.
There is an escape hatch in the floor here.
Throw: 92 stones
Press: ? - help, Shift-Dir - straight line, f - Harold
Aim: Harold, wielding a +0 long sword, wearing a +0 scale mail and quivering 2 throwing nets (asleep, 98% to hit)
You throw a stone. The stone hits Harold.
Harold shouts!
Harold is lightly wounded.
You swap places.
Your reaper hits Harold with a +1 scythe of venom!!
Harold looks as sick as possible!
Throw: 91 stones
Press: ? - help, Shift-Dir - straight line, f/p - Harold
Aim: Harold, wielding a +0 long sword, wearing a +0 scale mail and quivering 2 throwing nets (moderately wounded, extremely poisoned, ally target, 75% to hit)
You throw a stone.
Your demonic guardian avoids your attack.
The stone hits Harold.
Harold is moderately wounded.
Harold fires a harpoon shot at you. The harpoon shot hits your reaper!
Your reaper hits Harold with a +1 scythe of venom!!
Harold looks as sick as possible!
Throw: 90 stones
Press: ? - help, Shift-Dir - straight line, f/p - Harold
Aim: Harold, wielding a +0 long sword, wearing a +0 scale mail and quivering 2 throwing nets (heavily wounded, not watching you, extremely poisoned, ally target, 75% to hit)
You throw a stone.
Your demonic guardian avoids your attack.
The stone hits Harold but does no damage.
Harold is heavily wounded.
Your reaper disappears in a puff of smoke!
You barely miss Harold. You headbutt Harold, but do no damage.
Harold is severely wounded.
Harold is struck by your spines. Harold hits you with a +0 long sword!
You hit Harold. You burn Harold.
Harold is severely wounded.
Harold hits you with a +0 long sword!
* * * LOW HITPOINT WARNING * * *
A demonic guardian appears!
Harold hits you with a +0 long sword!!
You die...
Kikubaaqudgha rasps: "You have failed me!
Welcome... death!"

### #.# ###.. #.#
#...#### #.##
#......# #.†#
#....@# ##<#
##$<...# #.#
#......# ##>######
#......###.........
#......@@.2.#######
#......####.....#
#......# #####.#
#.....[# #......#
#...... #######


You could see Harold (extremely poisoned, ally target) and a friendly hell beast
(summoned).

Vanquished Creatures
  Fannar (D:10)
  A two-headed ogre (D:7)
  An ugly thing (D:11)
  Joseph (D:10)
  A troll (D:10)
  A basilisk (D:8)
  9 yaks (D:9)
  An acid dragon (D:9)
  2 water moccasins
  An orc warrior (D:6)
  An ice beast (D:5)
  2 black bears
  2 ogres
  4 wolves (Bailey)
  5 centaurs
  2 kobold brigands
  2 phantoms
  2 bullfrogs (D:7)
  7 gnoll sergeants
  4 scorpions
  15 wights
  6 killer bees (D:7)
  4 howler monkeys
  6 hounds
  4 orc priests
  An iron imp (D:9)
  4 jellies
  5 gnoll boudas
  6 iguanas
  5 orc wizards
  Terence (D:2)
  Robin (D:4)
  29 gnolls
  6 adders
  A shadow imp (D:6)
  2 white imps (D:6)
  2 ufetubi (D:5)
  4 worms
  3 dart slugs
  30 orcs
  2 bats
  8 endoplasms
  3 giant cockroaches
  15 goblins
  6 hobgoblins
  3 jackals (D:1)
  2 quokkas (D:2)
  5 ball pythons
  2 frilled lizards
  11 kobolds
  3 rats
245 creatures vanquished.

Vanquished Creatures (collateral kills)
  Menkaure (D:7)
  A wolf (Bailey)
  An ogre (D:5)
  A bullfrog (D:7)
  4 gnoll sergeants (Bailey)
  A gnoll bouda (Bailey)
  2 iron imps (D:9)
  3 gnolls (Bailey)
  2 adders (D:5)
  A white imp (D:7)
  8 orcs
  A goblin (D:4)
  A jackal (D:1)
  A frilled lizard (D:1)
28 creatures vanquished.

Vanquished Creatures (others)
  A yak zombie (D:9)
  3 gnoll zombies (Bailey)
4 creatures vanquished.

Grand Total: 277 creatures vanquished

Notes
Turn   | Place    | Note
-------+----------+-------------------------------------------
     0 | D:1      | SacredBeard the Demonspawn Necromancer began the quest for
                  | the Orb.
     0 | D:1      | Reached XP level 1. HP: 13/13 MP: 3/3
   209 | D:1      | Gained mutation: A weak demonic guardian rushes to your
                  | aid. [demonic ancestry]
   209 | D:1      | Reached XP level 2. HP: 10/19 MP: 1/5
   629 | D:1      | You fall into a shaft and drop 1 floor!
  1329 | D:2      | Noticed Terence
  1481 | D:2      | Identified the +7 mace of Understanding {flame, SInv}
  1550 | D:2      | Found a faded altar of an unknown god.
  1659 | D:2      | Reached XP level 3. HP: 24/25 MP: 4/6
  2089 | D:2      | Killed Terence
  2191 | D:3      | Noticed an ogre
  2334 | D:3      | Reached skill level 1 in Fighting
  2440 | D:3      | Reached skill level 5 in Necromancy
  2440 | D:3      | Gained mutation: You have a pair of small horns on your
                  | head. [demonic ancestry]
  2440 | D:3      | Reached XP level 4. HP: 32/32 MP: 7/7
  2794 | D:4      | Reached skill level 1 in Armour
  3005 | D:4      | Noticed an ogre
  3059 | D:3      | Killed an ogre
  3060 | D:3      | Reached skill level 1 in Throwing
  3060 | D:3      | Reached XP level 5. HP: 18/37 MP: 7/9
  3893 | D:4      | Killed an ogre
  3894 | D:4      | Gained mutation: A demonic guardian rushes to your aid.
                  | [demonic ancestry]
  3894 | D:4      | Reached XP level 6. HP: 36/44 MP: 6/10
  4423 | D:4      | Noticed Robin
  4483 | D:4      | Killed Robin
  4613 | D:4      | Found a blossoming altar of Fedhas.
  4833 | D:4      | Noticed Sigmund
  4892 | D:4      | Reached skill level 6 in Necromancy
  5286 | D:5      | Entered Level 5 of the Dungeon
  5470 | D:5      | Gained mutation: You are partially covered in yellow
                  | scales. (AC +2) [demonic ancestry]
  5470 | D:5      | Reached XP level 7. HP: 50/50 MP: 8/11
  6032 | D:5      | Found Soant's Jewellery Shoppe.
  6181 | D:5      | Gained mutation: A powerful demonic guardian rushes to your
                  | aid. [demonic ancestry]
  6181 | D:5      | Reached XP level 8. HP: 58/58 MP: 8/13
  6578 | D:5      | Found The Oracle's Delphic Readings.
  6583 | D:5      | Bought a scroll of identify for 22 gold pieces
  6583 | D:5      | Bought a scroll of amnesia for 44 gold pieces
  6583 | D:5      | Bought a scroll of fear for 44 gold pieces
  6583 | D:5      | Bought a scroll of noise for 11 gold pieces
  6947 | D:6      | Found a staircase to the Ecumenical Temple.
  7013 | Temple   | Entered the Ecumenical Temple
  7196 | Temple   | Became a worshipper of Kikubaaqudgha
  7419 | D:6      | Reached skill level 5 in Stealth
  7488 | D:6      | Noticed Edmund
  7654 | D:6      | Found a runed translucent door.
  7655 | D:6      | Noticed Crazy Yiuf
  7799 | D:6      | Found a basalt altar of Yredelemnul.
  7800 | D:6      | Found a shimmering blue altar of Sif Muna.
  7804 | D:6      | Found a hazy altar of Hepliaklqana.
  7804 | D:6      | Found a broken altar of Ashenzari.
  7805 | D:6      | Found a bloodstained altar of Trog.
  8163 | D:7      | Noticed Menkaure
  8212 | D:7      | Killed Menkaure
  8213 | D:7      | Reached skill level 5 in Fighting
  8213 | D:7      | Reached skill level 1 in Evocations
  8213 | D:7      | Gained mutation: You are partially covered in sharp spines.
                  | [demonic ancestry]
  8213 | D:7      | Reached XP level 9. HP: 36/68 MP: 9/15
  8464 | D:7      | Reached * piety under Kikubaaqudgha
  8464 | D:7      | Received a gift from Kikubaaqudgha
  8604 | D:7      | Noticed a two-headed ogre
  8668 | D:7      | Found an iron altar of Okawaru.
  8671 | D:7      | Reached skill level 5 in Evocations
  9209 | D:8      | Learned a level 4 spell: Animate Dead
  9437 | D:8      | Found Niuqapne's CLEARANCE SALE!.
  9483 | D:8      | Reached skill level 1 in Summonings
  9739 | D:8      | Found a runed translucent gate.
  9768 | D:8      | Found a runed translucent gate.
  9768 | D:8      | Noticed a ten-headed hydra
  9768 | D:8      | Noticed ywiktor's ghost (novice MiBe)
  9769 | D:8      | Found a runed translucent gate.
  9793 | D:8      | Found a flagged portal.
  9802 | Bailey   | Entered a bailey
  9832 | Bailey   | Reached ** piety under Kikubaaqudgha
 10224 | Bailey   | Gained mutation: You are mostly covered in yellow scales.
                  | (AC +3) [demonic ancestry]
 10224 | Bailey   | Reached XP level 10. HP: 40/74 MP: 16/16
 10305 | Bailey   | Identified the +10 great sword of the Shark {holy, rF+}
 10567 | Bailey   | Identified the +3 flail of Dontoy {holy, *Slow rC+ Str-4
                  | Int+7}
 11881 | D:9      | Reached *** piety under Kikubaaqudgha
 11881 | D:9      | Received a gift from Kikubaaqudgha
 11893 | D:9      | Learned a level 4 spell: Dispel Undead
 11897 | D:9      | Learned a level 3 spell: Call Canine Familiar
 12037 | D:9      | Found a staircase to the Lair.
 12078 | D:9      | Reached skill level 5 in Throwing
 12078 | D:9      | Reached skill level 5 in Armour
 12078 | D:9      | Reached skill level 5 in Dodging
 12078 | D:9      | Reached skill level 5 in Spellcasting
 12081 | D:9      | Reached skill level 7 in Necromancy
 12269 | D:9      | Found a burning altar of Makhleb.
 12395 | D:10     | Entered Level 10 of the Dungeon
 12535 | D:10     | Found a portal to a secret trove of treasure.
 13035 | D:10     | Noticed Joseph
 13049 | D:10     | Killed Joseph
 13050 | D:10     | Reached XP level 11. HP: 52/81 MP: 18/18
 13183 | D:10     | Noticed Fannar
 13231 | D:10     | Killed Fannar
 13403 | D:10     | Found a sparkling altar of Nemelex Xobeh.
 13491 | D:10     | Found a snail-covered altar of Cheibriados.
 13662 | D:11     | Noticed Harold
 13864 | D:7      | Killed a two-headed ogre
 14097 | D:11     | Noticed Psyche
 14143 | D:11     | Noticed a green ugly thing
 14161 | D:11     | Killed a green ugly thing
 14162 | D:11     | Reached skill level 5 in Summonings
 14175 | D:11     | Mangled by Harold

Illustrated notes

Levels and vault maps discovered:
D:1:      minmay_arrival_jagged, layout_basic
D:2:      minmay_wonky_spiral, layout_basic,
          shapermc_ecumenical_altar_mp_highgroup, uniq_terence
D:3:      layout_loops_corners, serial_park_tiny_pond, mrwooster_statue_mirror
D:4:      layout_layer_cave, kennysheep_mini, minivault_27, uniq_robin,
          uniq_sigmund
D:5:      minmay_thinvault, layout_basic, minmay_shop_enchanted_jewellery,
          minmay_crystal_room, hangedman_decor_slide_cut, st_stairs_7,
          chequers_serial_rivers_micro_b, nicolae_nh_oracle_at_delphi
D:6:      layout_basic, grunt_temple_overflow_open, minmay_temple_entry_glass,
          uniq_crazy_yiuf_cottage, uniq_edmund
D:7:      layout_basic, mainiacjoe_overflow_alcove_1,
          hangedman_abyss_or_decor_stagger, uniq_menkaure
D:8:      layout_loops_ring, gammafunk_ghost_hydra_chop, enter_bailey_2,
          nicolae_shop_clearance
D:9:      layout_rooms, demons_altar, dpeg_oklobed_lair
D:10:     layout_long_grid, nemelex_spade_bored_becter, cheibrodos_worm_habitat,
          enter_trove_0, uniq_fannar, uniq_joseph
D:11:     layout_rooms, david_orc_3, ebering_ghost_gozag, glass_columns_b,
          uniq_harold, uniq_psyche, uniq_grum
Temple:   nicolae_temple_bog_church

Skill      XL: |  1  2  3  4  5  6  7  8  9 10 11 |
---------------+----------------------------------+-----
Stealth        | 2 3 5 6 |  6.4
Dodging        | 2 3 4 5 |  5.3
Fighting       | 1 2 3 5 6 |  6.4
Necromancy     | 5 6 7 |  7.4
Armour         | 1 2 4 5 |  5.3
Throwing       | 1 2 4 5 |  5.3
Spellcasting   | 3 4 5 |  5.3
Evocations     | 1 5 6 |  6.3
Summonings     | 2 4 5 |  5.0

Action                     |  1- 3 |  4- 6 |  7- 9 | 10-12 || total
---------------------------+-------+-------+-------+-------++-------
  Melee: Unarmed           |    20 |       |       |       ||    20
         Mace              |    24 |    62 |   187 |   182 ||   455
         Dagger            |     3 |       |       |       ||     3
         Punch             |     1 |       |     3 |     2 ||     6
         Headbutt          |       |     8 |    36 |    59 ||   103
  Throw: Stone             |       |    15 |    22 |    20 ||    57
   Cast: Necrotise         |    38 |    66 |   143 |    36 ||   283
         Animate Dead      |       |       |     2 |     3 ||     5
         Call Canine Famil |       |       |       |     1 ||     1
  Evoke: Wand              |       |       |     7 |     2 ||     9
    Use: Scroll            |       |       |     9 |     1 ||    10
         Potion            |       |       |     3 |     3 ||     6
   Stab: Sleeping          |     2 |     2 |     2 |     1 ||     7
         Distracted        |       |       |       |     2 ||     2
 Armour: Robe              |     5 |       |       |       ||     5
         Plate armour      |    13 |       |       |       ||    13
         Ring mail         |       |    24 |    77 |    27 ||   128
         Chain mail        |       |       |     9 |     9 ||    18
         Scale mail        |       |       |       |    39 ||    39
  Dodge: Dodged            |    21 |    33 |   299 |   236 ||   589
